cohdb
Replays
Latest Replays
All Replays
Popular Replays
Top Player Replays
Match Explorer
How It Works
Community
CoH3 Stats
Reddit
Sign in to upload your games and track your stats! →
Sign in with Steam
Match 43287813
Unlisted
Match 43287813
Overview
Messages
Build Orders
End
Construct Section Command Post
Selects Air and Sea Battlegroup
Infantry Section
Infantry Section
Infantry Section
Construct Field Infirmary
ML 3-inch Mortar Team
Infantry Section
Selects Supply Surplus
Royal Engineer Section
Grenade Package
Construct Platoon Command Post
Construct Resource Cache
Selects Commando Section Paradrop
Selects M1 Pack Howitzer Paradrop
M1 Pack Howitzer Paradrop
Commando Section Paradrop
Infantry Training
Construct Company Command Post
Selects Anti-tank Rocket Loiter
Construct Resource Cache
Anti-tank Rocket Loiter
Matilda II Heavy Tank
Selects UNKNOWN (223837)
Armored Vehicle Training
Matilda II Heavy Tank
Anti-tank Rocket Loiter
Matilda II Heavy Tank
VormHat
Beko
Guderian ITA
Fajolada
0
0
Comments
sign in to comment!
No comments posted yet!